 Dungeon Crawl Stone Soup version 0.23.2-33-g5129a83184 (webtiles) character file.

Game seed: 7977197550171526800

65072 Derp the Peltast (level 14, -1/132 HPs)
             Began as a Deep Dwarf Fighter on July 21, 2019.
             Slain by a yaktaur captain (16 damage)
             ... on level 15 of the Dungeon.
             The game lasted 01:01:00 (13956 turns).

Derp the Peltast (Deep Dwarf Fighter)              Turns: 13956, Time: 01:01:01

Health: -1/132     AC: 30    Str: 24    XL:     14   Next: 74%
Magic:  1/1        EV: 11    Int: 10    God:
Gold:   1190       SH: 21    Dex: 16    Spells: 13/13 levels left

rFire    . . .     SeeInvis .   u - +8 dagger (elec)
rCold    . . .     Gourm    .   b - +0 large shield
rNeg     + + .     Faith    .   Z - +8 plate armour {rN+}
rPois    .         Spirit   .   N - +0 helmet
rElec    .         Reflect  .   L - +0 cloak
rCorr    .         Harm     .   (no gloves)
MR       ++...                  r - +0 pair of boots
Stlth    ..........             (no amulet)
HPRegen  0.00/turn              y - +2 ring of protection
MPRegen  0.07/turn              n - +4 ring of dexterity

@: non-regenerating
A: damage resistance, heal wounds, negative energy resistance 1, sense
surroundings 2, no regeneration
a: Heal Wounds


You were on level 15 of the Dungeon.
You were not hungry.

You visited 2 branches of the dungeon, and saw 16 of its levels.
You also visited: Sewer.

You collected 1190 gold pieces.

Inventory:

Hand Weapons
 p - a +0 vampiric battleaxe
 u - a +8 dagger of electrocution (weapon)
Armour
 b - a +0 large shield (worn)
 r - a +0 pair of boots (worn)
 E - the +1 robe of the Blacksmith {rElec rPois rF+ Dex-4, unknown}
   (You found it on level 5 of the Dungeon)

   It affects your dexterity (-4).
   It protects you from fire.
   It insulates you from electricity.
   It protects you from poison.
 L - a +0 cloak (worn)
 N - a +0 helmet (worn)
 Z - a +8 plate armour of positive energy (worn)
Jewellery
 a - an uncursed ring of protection from cold
 c - an uncursed ring of magical power
 j - an uncursed ring of see invisible
 n - a +4 ring of dexterity (right hand)
 y - a +2 ring of protection (left hand)
 M - an uncursed ring of protection from fire
 T - an uncursed ring of magical power
 W - an uncursed ring of protection from magic
Wands
 s - a wand of iceblast (9)
 t - a wand of flame (16)
 O - a wand of paralysis (11)
 S - a wand of random effects (19)
 U - a wand of scattershot (5)
 Y - a wand of polymorph (11)
Scrolls
 e - 6 scrolls of amnesia
 g - 6 scrolls of blinking
 i - 5 scrolls of remove curse
 k - 8 scrolls of identify
 l - 3 scrolls of magic mapping
 z - 3 scrolls of fog
 A - 8 scrolls of teleportation
 B - 2 scrolls of fear {unknown}
 D - 4 scrolls of enchant weapon
 K - a scroll of immolation {unknown}
 Q - a scroll of brand weapon {unknown}
Potions
 d - 5 potions of might
 h - 3 potions of cancellation {unknown}
 m - 3 potions of curing {unknown}
 o - 2 potions of magic {unknown}
 q - 3 potions of flight {unknown}
 v - 4 potions of lignification {unknown}
 w - 6 potions of haste
 x - 2 potions of agility {unknown}
 C - 2 potions of brilliance {unknown}
 I - 2 potions of resistance {unknown}
 J - 3 potions of invisibility {unknown}
 P - a potion of mutation {unknown}
 R - a potion of berserk rage {unknown}
 V - a potion of ambrosia {unknown}
 X - a potion of degeneration {unknown}
Comestibles
 f - 25 rations
 F - 2 chunks of flesh


   Skills:
 + Level 10.2 Fighting
 + Level 11.0 Short Blades
 + Level 7.6 Axes
 + Level 12.3 Armour
 + Level 9.4 Dodging
 + Level 2.4 Stealth
 + Level 15.4 Shields


You had 13 spell levels left.
You didn't know any spells.
Your spell library contained the following spells:

 Spells                   Type           Power        Failure   Level  Hunger
 Pain                     Necr           #...         100%        1    ##.....
 Summon Small Mammal      Summ           #...         100%        1    ##.....
 Song of Slaying          Chrm           #.......     100%        2    ###....
 Recall                   Summ/Tloc      N/A          100%        3    ####...
 Bolt of Draining         Conj/Necr      #.........   100%        5    ######.
 Iskenderun's Battlesphe  Conj/Chrm      #.......     100%        5    ######.
 Dragon's Call            Summ           #.........   100%        9    #######
 Regeneration             Chrm/Necr      Unusable     N/A         3    N/A

Dungeon Overview and Level Annotations

Branches:
Dungeon (15/15)            Temple (1/1) D:4            Lair (0/6) D:8
    Orc (0/2) D:12         Vaults (0/5) D:14         Depths (0/5) D:15

Altars:
Cheibriados
Dithmenos
Elyvilon
Fedhas
Gozag
Hepliaklqana
Kikubaaqudgha
Makhleb
Nemelex Xobeh
Qazlal
Ru
Sif Muna
Uskayaw
Vehumet
Wu Jian
Xom
Yredelemnul
Zin
The Shining One

Shops:
D:6 =   D:8 (   D:12 :}*((   D:13 *


Innate Abilities, Weirdness & Mutations

You are resistant to damage.
You can heal yourself by infusing magical energy.
You resist negative energy. (rN+)
You passively map the area around you.
You do not regenerate.


Message History

The yaktaur captain is severely wounded.
You block the yaktaur captain's attack.
You barely miss the yaktaur captain.
The yaktaur captain is severely wounded.
You block the yaktaur captain's attack.
You barely miss the yaktaur captain.
The yaktaur captain is severely wounded.
Your shield and plate armour prevent you from hitting the yaktaur captain.
The yaktaur captain is severely wounded.
The yaktaur captain completely misses you.
Your plate armour prevents you from hitting the yaktaur captain.
The yaktaur captain is severely wounded.
You hit the yaktaur captain but do no damage.
Lightning courses through the yaktaur captain!
The yaktaur captain is almost dead.
You block the yaktaur captain's attack.
You hit the yaktaur captain.
The yaktaur captain is almost dead.
The yaktaur captain hits you!
You die...

..# #≈(.#..≈#...######. ..#
#(#(#.#.##......... ..####
#(≈.≈.≈.##..(####..
..)..##########.≈(..≈.#..........
####..........#)≈...≈.#.....##...
..............#.#####.#..........
.########....##.#...#.#....####..
..####....#####.#.>.# #.....)....
#......##.# ###.@c..+,#...######.
#..#...#..# #.#########..........
..####.#÷####...#.... ...########
....##.)(.....#....## , .......
......)<(###..#.....#** #######
.##.#....###.....#..#############
.##..)........................††.
..#.)......###...##......########
.......#..## #......######


You could see a yaktaur captain.

Vanquished Creatures
  Gastronok (D:9)
  Kirke (D:15)
  Josephine (D:15)
  4 hydras
  5 vault guards (D:14)
  6 centaur warriors
  A death knight (D:14)
  9 two-headed ogres
  A queen ant (D:11)
  4 tengu warriors
  Urug (D:13)
  Nergalle (D:10)
  An unseen horror (D:14)
  3 skeletal warriors (D:15)
  A deep troll (D:14)
  Pikel (D:4)
  A wizard (D:14)
  An orb spider (shapeshifter) (D:14)
  A cyclops (D:13)
  A wolf spider zombie (D:14)
  7 deep elf magi
  3 manticores
  17 ugly things
  A water nymph (shapeshifter) (D:14)
  3 gargoyles
  An efreet (D:14)
  A kobold demonologist (D:14)
  5 tengu conjurers
  5 trolls
  3 meliai (D:15)
  A hornet (D:14)
  Grinder (D:3)
  13 slime creatures
  4 hippogriffs
  A shadow (D:14)
  12 yaks
  6 wraiths
  2 basilisks
  3 hungry ghosts
  Menkaure (D:5)
  Edmund (D:4)
  3 vampire mosquitoes (D:14)
  16 soldier ants
  3 acid dragons
  A water moccasin (D:9)
  A meliai simulacrum (D:14)
  5 black bears
  4 ice beasts
  A slave (D:4)
  An eye of draining (D:14)
  10 orc warriors
  8 sky beasts
  5 phantoms
  A necrophage (D:6)
  9 ogres
  10 centaurs
  11 bullfrogs
  4 big kobolds
  A gnoll sergeant (D:13)
  A water moccasin zombie (D:4)
  A hornet simulacrum (D:14)
  4 scorpions
  6 killer bees
  18 wights
  3 howler monkeys
  6 crimson imps
  3 bullfrog zombies
  3 hounds
  3 quasits
  4 jellies
  4 centaur zombies
  5 orc priests
  A bullfrog skeleton (D:12)
  7 centaur skeletons
  Ijyb (D:4)
  2 iguanas (D:5)
  Natasha (thrice) (D:2)
  9 orc wizards
  40 worker ants
  A hound zombie (D:6)
  2 hound skeletons
  Robin (D:3)
  A mummy (D:6)
  2 worker ant zombies (D:5)
  9 gnolls
  A gnoll (shapeshifter) (D:15)
  20 adders
  3 river rats
  5 shadow imps
  12 white imps (D:11)
  An ooze (Sewer)
  3 worms
  3 dart slugs (D:1)
  10 leopard geckos
  36 orcs
  6 giant cockroaches
  14 goblins
  15 hobgoblins
  12 jackals
  7 quokkas
  5 ball pythons (Sewer)
  8 bats
  3 frilled lizards
  2 jackal skeletons
  26 kobolds
  12 rats
574 creatures vanquished.

Vanquished Creatures (others)
  A human (D:15)
  A fungus (D:8)
2 creatures vanquished.

Grand Total: 576 creatures vanquished

Notes
Turn   | Place    | Note
-------+----------+-------------------------------------------
     0 | D:1      | Derp the Deep Dwarf Fighter began the quest for the Orb.
     0 | D:1      | Reached XP level 1. HP: 20/20 MP: 1/1
   120 | D:1      | Reached XP level 2. HP: 16/27 MP: 2/2
   501 | D:2      | Reached XP level 3. HP: 34/34 MP: 3/3
   700 | D:2      | Noticed Natasha
   713 | D:2      | Killed Natasha
   713 | D:2      | Reached XP level 4. HP: 12/42 MP: 4/4
   773 | D:2      | Noticed Natasha
   781 | D:2      | Killed Natasha
   781 | D:2      | Reached skill level 1 in Dodging
   781 | D:2      | Reached skill level 4 in Shields
   813 | D:2      | Noticed a bullfrog
   822 | D:2      | Killed a bullfrog
   822 | D:2      | Reached XP level 5. HP: 30/49 MP: 5/5
   827 | D:2      | Noticed Natasha
   833 | D:2      | Killed Natasha
  1449 | D:3      | Noticed Robin
  1465 | D:3      | Killed Robin
  1541 | D:3      | Reached XP level 6. HP: 38/56 MP: 6/6
  1592 | D:3      | Noticed Grinder
  1601 | D:3      | Paralysed by Grinder for 5 turns
  1609 | D:3      | Killed Grinder
  1609 | D:3      | Reached skill level 5 in Axes
  1909 | D:4      | Noticed Edmund
  1926 | D:4      | Reached XP level 7. HP: 39/63 MP: 7/7
  1937 | D:4      | Noticed Pikel
  1938 | D:4      | Killed Edmund
  1962 | D:4      | Killed Pikel
  1962 | D:4      | Reached skill level 5 in Armour
  1962 | D:4      | Reached skill level 5 in Shields
  1962 | D:4      | Reached XP level 8. HP: 19/72 MP: 8/8
  1998 | D:4      | Noticed Ijyb
  2025 | D:4      | Killed Ijyb
  2446 | D:4      | Found a glowing drain.
  2462 | Sewer    | Entered a sewer
  2855 | D:4      | Found a staircase to the Ecumenical Temple.
  2899 | Temple   | Entered the Ecumenical Temple
  3207 | D:5      | Entered Level 5 of the Dungeon
  3214 | D:5      | Reached skill level 1 in Short Blades
  3214 | D:5      | Reached skill level 6 in Shields
  3386 | D:5      | Noticed Menkaure
  3393 | D:5      | Killed Menkaure
  3447 | D:5      | Gained mutation: You passively map the area around you.
                  | [Deep Dwarf growth]
  3447 | D:5      | Reached XP level 9. HP: 22/80 MP: 8/8
  3613 | D:5      | Got a steaming robe
  4087 | D:6      | Reached skill level 5 in Fighting
  4307 | D:6      | Found Keti's Jewellery Shop.
  4398 | D:6      | Found a burning altar of Makhleb.
  4451 | D:6      | Reached skill level 7 in Shields
  4455 | D:6      | HP: 1/81 [orc warrior/cursed -2 scimitar (12)]
  5366 | D:7      | Reached skill level 5 in Short Blades
  5708 | D:7      | Reached XP level 10. HP: 51/91 MP: 7/7
  6161 | D:8      | Found a staircase to the Lair.
  6464 | D:8      | Reached skill level 1 in Stealth
  6500 | D:8      | Found Aliokhav's Weapon Boutique.
  6536 | D:8      | Reached skill level 8 in Shields
  7142 | D:9      | Noticed Gastronok
  7170 | D:9      | Killed Gastronok
  7170 | D:9      | Reached skill level 5 in Dodging
  7749 | D:10     | Entered Level 10 of the Dungeon
  7753 | D:10     | Reached skill level 9 in Shields
  7791 | D:10     | Reached XP level 11. HP: 67/99 MP: 8/8
  8111 | D:10     | Noticed Nergalle
  8172 | D:10     | Killed Nergalle
  8835 | D:12     | Found Reryl's General Store.
  8835 | D:12     | Found Ydoryom's Antique Weapon Emporium.
  8835 | D:12     | Found Peutan's Antique Weapon Shoppe.
  8944 | D:12     | Reached skill level 10 in Shields
  9236 | D:11     | Noticed a two-headed ogre
  9251 | D:11     | Killed a two-headed ogre
  9298 | D:11     | Noticed a queen ant
  9325 | D:11     | Killed a queen ant
  9379 | D:11     | Reached XP level 12. HP: 47/109 MP: 6/6
  9497 | D:11     | Noticed a two-headed ogre
  9517 | D:11     | Killed a two-headed ogre
  9604 | D:11     | Reached skill level 10 in Armour
  9873 | D:12     | Found a staircase to the Orcish Mines.
  9915 | D:12     | Reached skill level 11 in Shields
  9923 | D:12     | Noticed a two-headed ogre
  9955 | D:11     | Killed a two-headed ogre
 10032 | D:12     | Found Hocril's Gadget Shop.
 10105 | D:12     | Noticed a two-headed ogre
 10124 | D:11     | Killed a two-headed ogre
 10234 | D:12     | Found Qiklaots's Book Emporium.
 10245 | D:12     | Noticed a two-headed ogre
 10253 | D:12     | Killed a two-headed ogre
 10337 | D:12     | HP: 2/111 [slime creature (12)]
 10747 | D:13     | Found Dughiyrooc's General Store.
 10927 | D:13     | Got a bloodstained chain mail
 10928 | D:13     | Identified the cursed +0 chain mail of Qorikun {MR+} (You
                  | found it on level 13 of the Dungeon)
 10997 | D:13     | Noticed Urug
 11016 | D:13     | Killed Urug
 11016 | D:13     | Reached skill level 12 in Shields
 11082 | D:13     | Reached XP level 13. HP: 118/118 MP: 5/5
 11172 | D:13     | Reached skill level 10 in Short Blades
 11580 | D:14     | Reached skill level 13 in Shields
 11961 | D:14     | Identified Butig's Almanac of Stolen Souls
 11961 | D:14     | Identified the Tome of Self-Knowledge and Creation
 12236 | D:14     | Found a sacrificial altar of Ru.
 12238 | D:14     | You fall through a shaft!
 12238 | D:15     | Entered Level 15 of the Dungeon
 12714 | D:14     | Gained mutation: You resist negative energy. (rN+) [Deep
                  | Dwarf growth]
 12714 | D:14     | Reached XP level 14. HP: 37/129 MP: 4/4
 12823 | D:14     | Reached skill level 14 in Shields
 12839 | D:14     | Found a gate to the Vaults.
 13047 | D:15     | Noticed Josephine
 13064 | D:15     | Killed Josephine
 13364 | D:15     | Noticed Kirke
 13386 | D:15     | Killed Kirke
 13503 | D:15     | Reached skill level 10 in Fighting
 13520 | D:15     | HP: 1/132 [deep elf mage/bolt of lightning (25)]
 13653 | D:15     | Reached skill level 15 in Shields
 13944 | D:15     | Found a staircase to the Depths.
 13956 | D:15     | Slain by a yaktaur captain

Skill      XL: |  1  2  3  4  5  6  7  8  9 10 11 12 13 14 |
---------------+-------------------------------------------+-----
Fighting       | 3 4 5 6 7 8 9 10 | 10.2
Armour         | 4 5 6 7 9 10 11 12 | 12.3
Axes           | 3 4 5 7 |  7.6
Dodging        | 1 2 3 4 5 7 8 9 |  9.4
Shields        | 4 5 6 7 9 10 12 13 15 | 15.4
Short Blades   | 2 5 6 8 9 10 11 | 11.0
Stealth        | 1 2 |  2.4

Action                   |  1- 3 |  4- 6 |  7- 9 | 10-12 | 13-15 || total
-------------------------+-------+-------+-------+-------+-------++-------
Melee: War axe           |   113 |   152 |    59 |       |       ||   324
       Dagger            |       |       |   434 |  1190 |   912 ||  2536
 Abil: Heal Wounds       |     1 |     3 |    16 |    33 |    21 ||    74
  Use: Potion            |       |       |       |     3 |     1 ||     4
       Scroll            |       |       |       |     8 |     6 ||    14
 Stab: Distracted        |       |       |       |     1 |       ||     1
  Eat: Ration            |       |     1 |       |     2 |     3 ||     6
       Chunk             |       |       |    13 |    14 |     1 ||    28
Armor: Scale mail        |    57 |    94 |   104 |   188 |    67 ||   510
       Plate armour      |       |       |       |       |   108 ||   108
Dodge: Dodged            |    41 |    59 |   148 |   290 |   178 ||   716
Block: Shield            |    66 |    99 |   234 |   481 |   201 ||  1081
       Large shield      |       |       |       |       |   264 ||   264
